 Dungeon Crawl Stone Soup version 0.28.0-53-g5a82cb258f (webtiles) character file.

Game seed: 5824558754465240723

16163 Peloso the Carver (level 12, -3/110 HPs)
             Began as a Minotaur Fighter on June 14, 2022.
             Was a High Priest of Okawaru.
             Slain by a komodo dragon (25 damage)
             ... on level 1 of the Lair of Beasts.
             The game lasted 00:29:02 (12220 turns).

Peloso the Carver (Minotaur Fighter)               Turns: 12220, Time: 00:29:02

Health: -3/110     AC: 16    Str: 25    XL:     12   Next: 7%
Magic:  12/12      EV:  9    Int:  5    God:    Okawaru [*****.]
Gold:   723        SH:  6    Dex: 13    Spells: 11/11 levels left

rFire   + . .      SeeInvis .   b - +0 scimitar (flame)
rCold   . . .      Faith    .   c - +0 buckler
rNeg    . . .      Spirit   .   p - +1 plate armour
rPois   .          Reflect  .   (helmet restricted)
rElec   .          Harm     .   (no cloak)
rCorr   +          Rampage  .   (no gloves)
Will    .....                   (no boots)
Stlth   ..........              C - amulet of regeneration
HPRegen 1.08/turn               g - ring of resist corrosion
MPRegen 0.13/turn               q - ring of protection from fire

@: no status effects
A: horns 2, retaliatory headbutt, agile 1, sense surroundings 1, sturdy frame 1
a: Renounce Religion, Heroism, Finesse, Duel


You were on level 1 of the Lair of Beasts.
You worshipped Okawaru.
Okawaru was extremely pleased with you.
You visited 3 branches of the dungeon, and saw 13 of its levels.
You also visited: Ossuary and Gauntlet.

You collected 955 gold pieces.
You spent 232 gold pieces at shops.

Inventory:

Hand Weapons
 a - a +2 vorpal long sword
 b - a +0 scimitar of flaming (weapon)
Missiles
 r - 3 throwing nets (quivered)
Armour
 c - a +0 buckler (worn)
 p - a +1 plate armour (worn)
 t - the +0 leather armour of Fedhas {rPois Regen+ Str+5 Int+3}
   (You found it on level 4 of the Dungeon)

   Str:       It affects your strength (+5).
   Int:       It affects your intelligence (+3).
   rPois:     It protects you from poison.
   Regen:     It increases your rate of health regeneration.
Jewellery
 d - the amulet of Silooptu {Spirit Regen+ Int-4 Slay-6 Stlth+}
   (You found it in a Gauntlet)

   [amulet of guardian spirit]

   It causes incoming damage to be divided between your reserves of health and
   magic.
   Int:       It affects your intelligence (-4).
   Slay:      It affects your accuracy & damage with ranged weapons and melee
   (-6).
   Regen:     It increases your rate of health regeneration.
   Stlth:     It makes you more stealthy.
 f - a +6 ring of intelligence
 g - a ring of resist corrosion (left hand)
 h - an amulet of faith
 k - a +4 ring of evasion
 l - the ring of Ruaxyt {Ice Will+ Int+4 Dex+3 SInv}
   (You took it off a minotaur in a Gauntlet)

   [ring of ice]

   It enhances your ice magic.
   Int:       It affects your intelligence (+4).
   Dex:       It affects your dexterity (+3).
   rF:        It makes you vulnerable to fire.
   rC:        It protects you from cold.
   SInv:      It lets you see invisible.
   Will:      It increases your willpower.
 q - a ring of protection from fire (right hand)
 C - an amulet of regeneration (around neck)
 F - a +4 ring of evasion
Wands
 n - a wand of flame (24)
 s - a wand of polymorph (15)
 x - a wand of iceblast (7)
 H - a wand of mindburst (3)
Scrolls
 e - 4 scrolls of immolation
 i - 4 scrolls of teleportation
 j - a scroll of magic mapping
 y - a scroll of acquirement
 z - a scroll of brand weapon
 A - 3 scrolls of noise {unknown}
 B - a scroll of silence
 D - a scroll of amnesia {unknown}
 G - 5 scrolls of blinking {unknown}
 I - a scroll of holy word
 J - 3 scrolls of fog
 L - a scroll of identify
Potions
 m - 2 potions of curing
 o - 4 potions of mutation
 u - 3 potions of haste
 v - 3 potions of invisibility
 w - 5 potions of resistance
 E - a potion of flight
 K - a potion of heal wounds


   Skills:
 + Level 11.2 Fighting
 + Level 14.7 Long Blades
 + Level 12.5 Armour
 + Level 2.3 Dodging
 + Level 1.3 Stealth
 + Level 9.0 Shields
 + Level 2.5 Invocations
 + Level 0.4 Evocations


You had 11 spell levels left.
You didn't know any spells.
Your spell library contained the following spells:

 Spells                   Type           Power      Damage    Failure   Level
 Pain                     Necr           0%         1d4       98%         1
 Blink                    Tloc           0%         N/A       99%         2
 Lesser Beckoning         Tloc           0%         N/A       100%        3
 Vampiric Draining        Necr           0%         2d6       100%        3
 Airstrike                Air            0%         N/A       100%        4
 Alistair's Intoxication  Tmut/Pois      0%         N/A       100%        5
 Borgnjor's Vile Clutch   Necr/Erth      0%         N/A       100%        5
 Lightning Bolt           Conj/Air       0%         1d11      100%        5
 Manifold Assault         Tloc           0%         N/A       100%        5
 Dispersal                Tloc           0%         N/A       100%        6
 Eringya's Noxious Bog    Tmut/Pois      0%         N/A       100%        6
 Disjunction              Tloc           0%         N/A       100%        8
 Animate Skeleton         Necr           Unusable   N/A       N/A         1
 Summon Lightning Spire   Summ/Air       Unusable   N/A       N/A         4

Dungeon Overview and Level Annotations

Branches:
Dungeon (11/15)            Temple (1/1) D:5            Lair (1/6) D:8
    Orc (0/2) D:9         Ossuary (visited)         Gauntlet (visited)

Altars:
Cheibriados
Fedhas
Gozag
Hepliaklqana
Kikubaaqudgha
Okawaru
Qazlal
Ru
Sif Muna
Trog
Xom
Yredelemnul
Beogh

Shops:
D:4 (?(*   D:6 (?(*((!   D:9 [([:(

Portals:
Trove: D:10 (give +3 shadow dragon scales)

Annotations:
D:10 2 runed translucent doors


Innate Abilities, Weirdness & Mutations

You have a pair of horns on your head.
You reflexively headbutt those who attack you in melee.
You are agile. (Dex +2)
You passively map a small area around you.
Your movements are slightly less encumbered by armour. (ER -2)


Message History

Unknown command.
You hit the three-headed hydra. You burn the three-headed hydra.
You headbutt the three-headed hydra!
The three-headed hydra is almost dead.
The three-headed hydra bites you.
The three-headed hydra barely misses you.
You block the three-headed hydra's attack.
Unknown command.
You hit the three-headed hydra. You burn the three-headed hydra.
The three-headed hydra is almost dead.
The komodo dragon bites you but does no damage.
Unknown command.
You hit the three-headed hydra but do no damage.
Your headbutt misses the three-headed hydra.
The three-headed hydra is almost dead.
The three-headed hydra barely misses you.
The three-headed hydra bites you!
The three-headed hydra barely misses you.
Unknown command.
You slice one of the three-headed hydra's heads off!
The flame cauterises the wound!
You slice the two-headed hydra!! You burn the two-headed hydra.
You kill the two-headed hydra!
Okawaru accepts your kill. The komodo dragon bites you!
Your Shields skill increases to level 9!
The komodo dragon closely misses you. You furiously retaliate!
You headbutt the komodo dragon!
You see here a hydra corpse.
Unknown command.
Found a scroll labelled ZASHRO MOIM.
The komodo dragon bites you!!
* * * LOW HITPOINT WARNING * * *
You hit the komodo dragon but do no damage.
The komodo dragon is moderately wounded.
You block the komodo dragon's attack.
You slash the komodo dragon! You burn the komodo dragon.
Your headbutt misses the komodo dragon.
The komodo dragon is severely wounded.
The komodo dragon bites you!!
You die...

***+*****,**,,*,,,,,*,,,*********
,,,,**,8,*,,,.#?8.8.#...****,****
,,,,*,,,,,*,,#.......#..*,,,,,,,,
,,,,*8,8,.+.,#..$>......+,,,,,,,,
,,,,*,,,,....*..........*,,,,,,,,
,,,,**,8,*#..##.8.8.......,,,,,,,
********,,*#..#...........,,,,,,,
,,,,,+,,,,,#............#*+**,,*,
,,,,,*,,,,**#..#@.(.#..##*,,*****
,,,,,*,,,,* #..l†##...#.*,,,,,,,*
,,,,,*,,,,* #........#.#*,,,,,,**
,,,,,,,,,,* ###......#.#,,,,,,,**
,,,,,+,,,,***,#........#*,,,,,,,,
,,,,,*,,,,*#P.....+....##,,,,,,,*
,,,,,*,,,,,####P#.#.....#,,,,,,**
,,,,,,,,,,,* #####....##*###**,,
,,,,,,,,,,*****####....####.#####


You could see a komodo dragon.

Vanquished Creatures
  A minotaur (Gauntlet)
  A hydra (Lair:1)
  Harold (D:10)
  Erica (D:10)
  2 two-headed ogres
  3 sixfirhies (Gauntlet)
  2 ugly things (D:11)
  A cyclops (D:11)
  A shining eye (Gauntlet)
  A moth of wrath (Gauntlet)
  A cane toad (Lair:1)
  An unseen horror (D:11)
  A hornet (D:10)
  2 wyverns (D:10)
  7 yaks
  2 wraiths
  A basilisk (Lair:1)
  2 golden eyes (Gauntlet)
  4 vampire mosquitoes (D:11)
  A steam dragon (D:10)
  4 water moccasins
  7 orc warriors
  An ice beast (D:6)
  4 black bears
  A sky beast (D:5)
  A necrophage (D:3)
  5 wolves (Gauntlet)
  A phantom (D:6)
  5 centaurs
  6 bullfrogs
  A kobold brigand (D:6)
  3 scorpions
  A wyvern zombie (D:6)
  3 water moccasin zombies (Ossuary)
  11 killer bees
  An electric eel (D:6)
  4 howler monkeys (D:8)
  5 centaur zombies
  2 jellies (D:4)
  A centaur skeleton (D:6)
  2 hounds
  6 orc priests
  3 bullfrog skeletons
  An iguana (D:6)
  8 orc wizards
  2 mummies (Ossuary)
  A howler monkey zombie (D:8)
  3 gnolls (D:4)
  4 adders
  2 howler monkey skeletons
  A shadow imp (D:8)
  A white imp (D:7)
  An adder skeleton (D:4)
  6 adder zombies (Ossuary)
  2 worms
  3 dart slugs
  54 orcs
  6 ball pythons
  3 endoplasms
  2 giant cockroaches (D:2)
  6 gnoll zombies (Ossuary)
  A goblin (D:1)
  9 hobgoblins
  5 quokkas
  3 training dummies (D:4)
  4 bats
  A frilled lizard (D:2)
  7 hobgoblin zombies (Ossuary)
  14 kobolds
  4 kobold zombies (Ossuary)
  4 orc zombies (Ossuary)
  4 rats
276 creatures vanquished.

Vanquished Creatures (others)
  58 fungi
  37 plants
95 creatures vanquished.

Grand Total: 371 creatures vanquished

Notes
Turn   | Place    | Note
-------+----------+-------------------------------------------
     0 | D:1      | Peloso the Minotaur Fighter began the quest for the Orb.
     0 | D:1      | Reached XP level 1. HP: 19/19 MP: 0/0
   229 | D:1      | Reached XP level 2. HP: 27/27 MP: 1/1
   994 | D:2      | Reached XP level 3. HP: 33/33 MP: 2/2
  1102 | D:2      | Reached skill level 3 in Long Blades
  1223 | D:2      | Found a faded altar of an unknown god.
  1515 | D:2      | Reached XP level 4. HP: 37/40 MP: 3/3
  2237 | D:3      | Reached skill level 4 in Long Blades
  2304 | D:3      | Noticed a necrophage
  2319 | D:3      | Killed a necrophage
  2320 | D:3      | Reached XP level 5. HP: 24/47 MP: 4/4
  2325 | D:3      | Reached skill level 5 in Long Blades
  2591 | D:3      | Found a stormy altar of Qazlal.
  2798 | D:3      | Found a shimmering blue altar of Sif Muna.
  2926 | D:4      | Reached skill level 5 in Armour
  2931 | D:4      | Reached XP level 6. HP: 39/53 MP: 5/5
  3095 | D:4      | Found Axeer's Weapon Emporium.
  3097 | D:4      | Found Plog's Magic Scroll Boutique.
  3107 | D:4      | Found Xalopol's Assorted Antiques.
  3134 | D:4      | Found a sand-covered staircase.
  3141 | D:4      | Identified the +0 leather armour of Fedhas {rPois Regen+
                  | Str+5 Int+3}
  3266 | Ossuary  | Entered an ossuary
  3470 | Ossuary  | Reached skill level 5 in Fighting
  3470 | Ossuary  | Reached skill level 6 in Long Blades
  3603 | Ossuary  | Reached XP level 7. HP: 36/61 MP: 6/6
  3885 | D:4      | You fall into a shaft and drop 1 floor!
  3885 | D:5      | Entered Level 5 of the Dungeon
  3991 | D:5      | Reached skill level 7 in Long Blades
  4011 | D:5      | Reached skill level 1 in Dodging
  4250 | D:5      | Found a snail-covered altar of Cheibriados.
  4374 | D:4      | Bought a scroll labelled QAXKIL RELEIQU for 19 gold pieces
  4374 | D:4      | Bought a scroll labelled XUTUIKK ZAECO for 19 gold pieces
  4374 | D:4      | Bought 3 scrolls labelled XUTUIKK ZAECO for 57 gold pieces
  4375 | D:4      | Identified a scroll of acquirement
  4425 | D:4      | Found Atsuocou's Firing Range.
  4560 | D:4      | Bought a scroll of identify for 22 gold pieces
  4560 | D:4      | Bought a scroll of identify for 22 gold pieces
  4560 | D:4      | Bought a scroll of identify for 22 gold pieces
  4560 | D:4      | Bought a scroll of identify for 22 gold pieces
  5019 | D:5      | Found a staircase to the Ecumenical Temple.
  5028 | Temple   | Entered the Ecumenical Temple
  5039 | Temple   | Became a worshipper of Warmaster Okawaru
  5196 | D:5      | Reached skill level 5 in Shields
  5440 | D:6      | Reached skill level 8 in Long Blades
  5471 | D:6      | Reached XP level 8. HP: 42/70 MP: 7/7
  5625 | D:6      | Found Caoned's Distillery.
  5626 | D:6      | Found Xegusad's Weapon Boutique.
  5628 | D:6      | Found Solareic's Weapon Emporium.
  5628 | D:6      | Found Waful's General Store.
  5629 | D:6      | Found Retoxulo's Antique Weapon Emporium.
  5629 | D:6      | Found Sitiesec's Magic Scroll Shop.
  5635 | D:6      | Bought a scroll of magic mapping for 49 gold pieces
  5874 | D:6      | Reached * piety under Okawaru
  5875 | D:6      | Reached skill level 9 in Long Blades
  6305 | D:6      | Found Waigiots's Weapon Emporium.
  6382 | D:6      | Found a hazy altar of Hepliaklqana.
  6983 | D:7      | Reached skill level 10 in Long Blades
  7159 | D:7      | Identified the +3 leather armour of the Carpenter {rF+}
  7751 | D:8      | Reached XP level 9. HP: 78/78 MP: 8/8
  7907 | D:8      | Reached ** piety under Okawaru
  8203 | D:8      | Reached skill level 11 in Long Blades
  8485 | D:8      | Found a staircase to the Lair.
  8508 | D:8      | Reached *** piety under Okawaru
  8798 | D:9      | Found a staircase to the Orcish Mines.
  8804 | D:9      | Found Tiul's Antique Weapon Emporium.
  8836 | D:9      | Found Gikueb's Antique Armour Shop.
  8883 | D:10     | Entered Level 10 of the Dungeon
  8886 | D:10     | Reached skill level 1 in Invocations
  8917 | D:10     | Reached skill level 1 in Stealth
  8924 | D:10     | Reached XP level 10. HP: 45/88 MP: 7/9
  9038 | D:9      | Found Ucul Afi's Book Shop.
  9099 | D:9      | Found Moeth's Armour Shop.
  9099 | D:9      | Found Ruceen's Antique Weapon Shop.
  9189 | D:9      | Found a bloodstained altar of Trog.
  9293 | D:9      | Reached skill level 12 in Long Blades
  9423 | D:9      | Noticed a four-headed hydra
  9430 | D:9      | Reached **** piety under Okawaru
  9488 | D:10     | Reached skill level 10 in Armour
  9562 | D:10     | Noticed a two-headed ogre
  9568 | D:10     | Noticed Erica
  9572 | D:10     | Killed a two-headed ogre
  9592 | D:10     | Killed Erica
  9737 | D:10     | Noticed Harold
  9753 | D:10     | Killed Harold
  9754 | D:10     | Reached skill level 13 in Long Blades
  9881 | D:10     | Found a portal to a secret trove of treasure.
 10203 | D:10     | Found a large runed translucent door.
 10204 | D:10     | Found a large runed translucent door.
 10312 | D:11     | Reached ***** piety under Okawaru
 10316 | D:11     | Reached XP level 11. HP: 59/97 MP: 11/11
 10408 | D:11     | Noticed a purple ugly thing
 10410 | D:11     | Noticed a two-headed ogre
 10435 | D:11     | Killed a purple ugly thing
 10440 | D:11     | Killed a two-headed ogre
 10896 | D:11     | Noticed a green ugly thing
 10909 | D:11     | Killed a green ugly thing
 11136 | Lair:1   | Entered Level 1 of the Lair of Beasts
 11220 | Lair:1   | Found a gate leading to a gauntlet.
 11229 | Gauntlet | Entered a Gauntlet
 11229 | Gauntlet | Found a transporter.
 11232 | Gauntlet | Found a transporter.
 11234 | Gauntlet | Found a transporter.
 11236 | Gauntlet | Noticed a shining eye
 11251 | Gauntlet | Found a transporter.
 11253 | Gauntlet | Noticed a sixfirhy
 11254 | Gauntlet | Noticed a brown ugly thing
 11254 | Gauntlet | Noticed a great orb of eyes
 11255 | Gauntlet | Found a runed translucent door.
 11258 | Gauntlet | Found a runed translucent door.
 11258 | Gauntlet | Noticed a sixfirhy
 11258 | Gauntlet | Noticed a sixfirhy
 11261 | Gauntlet | Found a transporter.
 11277 | Gauntlet | Found a transporter.
 11283 | Gauntlet | Found a transporter.
 11284 | Gauntlet | Found a transporter.
 11302 | Gauntlet | Found a transporter.
 11306 | Gauntlet | Found a transporter.
 11328 | Gauntlet | Noticed a tengu warrior
 11331 | Gauntlet | Found a transporter.
 11331 | Gauntlet | Found a transporter.
 11360 | Gauntlet | Found a transporter.
 11449 | Gauntlet | Reached skill level 10 in Fighting
 11452 | Gauntlet | Reached skill level 14 in Long Blades
 11548 | Gauntlet | Gained mutation: You are clumsy. (Dex -2) [a shining eye]
 11552 | Gauntlet | Killed a shining eye
 11552 | Gauntlet | Identified the +6 great sword of Reinforcement {vamp, Str+3
                  | SInv} (Okawaru gifted it to you in a Gauntlet)
 11552 | Gauntlet | Received a gift from Okawaru
 11586 | Gauntlet | Killed a sixfirhy
 11597 | Gauntlet | Killed a sixfirhy
 11598 | Gauntlet | Killed a sixfirhy
 11606 | Gauntlet | Identified the amulet of Silooptu {Spirit Regen+ Int-4
                  | Slay-6 Stlth+}
 11878 | Gauntlet | Identified the ring of Ruaxyt {Ice Will+ Int+4 Dex+3 SInv}
 11878 | Gauntlet | Noticed a minotaur
 11889 | Gauntlet | Killed a minotaur
 11889 | Gauntlet | Received a gift from Okawaru
 12031 | Gauntlet | Lost mutation: You are clumsy. (Dex -2) [potion of
                  | mutation]
 12031 | Gauntlet | Gained mutation: You are agile. (Dex +2) [potion of
                  | mutation]
 12031 | Gauntlet | Gained mutation: Your movements are slightly less
                  | encumbered by armour. (ER -2) [potion of mutation]
 12031 | Gauntlet | Gained mutation: You passively map a small area around you.
                  | [potion of mutation]
 12131 | Lair:1   | Reached XP level 12. HP: 50/110 MP: 12/12
 12204 | Lair:1   | Noticed an eight-headed hydra
 12216 | Lair:1   | Killed a two-headed hydra
 12220 | Lair:1   | Slain by a komodo dragon

Illustrated notes

Levels and vault maps discovered:
D:1:      lemuel_arrival_funnel, layout_loops_cross, grunt_decor_cap,
          kennysheep_small_spiral, minmay_surrounded
D:2:      layout_loops_ring, shapermc_ecumenical_altar_mp_urbaneastern,
          grunt_decor_arrowhead
D:3:      layout_basic, old_standard_altar, led_sif_book, corner_web_ring
D:4:      layout_rooms, serial_shops, shop_fountains, shop,
          nicolae_diamond_shop, nicolae_ossuary_entry_ruins,
          nicolae_shop_firing_range
D:5:      layout_loops_corners, slow_altar_1, minmay_temple_entry_overgrown,
          minmay_chambers_of_fives
D:6:      layout_loops_ring, nicolae_wooded_promenade, kennysheep_flooded_box,
          grunt_decor_clamped, nicolae_take_the_stairs,
          minmay_misc_feat_nine_boxes
D:7:      layout_basic
D:8:      layout_loops_corners, due_lair_maze_entry_diamond, minivault_11
D:9:      minmay_the_grid_four_pointed_star_mashed
          [minmay_the_grid_triangle_9x9_zippers_vertical,
          minmay_the_grid_triangle_9x9_longest,
          minmay_the_grid_triangle_9x9_corrupted_corridor,
          minmay_the_grid_triangle_9x9_dagger, minmay_the_grid_prize_trominoes],
          layout_rooms, mainiacjoe_overflow_surrounded_room, serial_shops,
          nicolae_square_shop, shop, shop_fountains, nicolae_shop_hallway_plus,
          shop, special_room [special_room_orc],
          hellmonk_guarded_unrand_staff_of_battle
D:10:     layout_long_grid, nicolae_trove_entry_free_sample,
          lightli_elemental_guards, uniq_harold, uniq_erica
D:11:     layout_layer_cave
Temple:   mainiacjoe_temple_coin_purse
Lair:1:   layout_regular_city, gauntlet_entry_generic, grunt_megastairs_2,
          serial_bayou_shore_b, serial_bayou_shore_b

Skill      XL: |  1  2  3  4  5  6  7  8  9 10 11 12 |
---------------+-------------------------------------+-----
Armour         | 4 5 6 7 9 11 12 | 12.5
Shields        | 4 5 6 7 8 9 |  9.0
Fighting       | 4 5 6 7 9 11 | 11.2
Long Blades    | 3 4 5 6 8 10 11 13 14 | 14.7
Dodging        | 1 2 |  2.3
Invocations    | 1 2 |  2.5
Stealth        | 1 |  1.3
Evocations     | |  0.4

Action                   |  1- 3 |  4- 6 |  7- 9 | 10-12 || total
-------------------------+-------+-------+-------+-------++-------
Melee: Long sword        |    66 |   170 |   352 |   362 ||   950
       Headbutt          |     4 |    30 |    57 |    58 ||   149
       Scimitar          |       |       |       |    13 ||    13
Invok: Heroism           |       |       |     3 |    13 ||    16
Evoke: Wand              |       |     4 |     2 |       ||     6
  Use: Scroll            |       |       |    20 |     2 ||    22
       Potion            |       |       |       |     8 ||     8
Armor: Scale mail        |    30 |     8 |       |       ||    38
       Plate armour      |       |    79 |   227 |   231 ||   537
Dodge: Dodged            |    41 |    50 |    96 |   127 ||   314
Block: Buckler           |    15 |    38 |    81 |   101 ||   235
